 Dungeon Crawl Stone Soup version 0.21-a0-210-gbfa5647 (webtiles) character file.

108 Gorglomux the Skirmisher (level 4, 0/42 HPs)
             Began as a Hill Orc Abyssal Knight on Aug 21, 2017.
             Was a Follower of Lugonu.
             Succumbed to an orc's poison
             ... on level 3 of the Dungeon.
             The game lasted 00:03:33 (2171 turns).

Gorglomux the Skirmisher (Hill Orc Abyssal Knight)  Turns: 2171, Time: 00:03:33

Health: 0/42       AC:  5    Str: 15    XL:     4   Next: 87%
Magic:  0/5        EV: 11    Int: 17    God:    Lugonu [*.....]
Gold:   186        SH:  0    Dex: 10    Spells: 3/3 levels left

rFire    . . .     SeeInvis .   a - +1 hand axe
rCold    . . .     Gourm    .   (no shield)
rNeg     . . .     Faith    .   b - +0 leather armour
rPois    .         Spirit   +   (no helmet)
rElec    .         Reflect  .   (no cloak)
rCorr    .         Harm     .   (no gloves)
MR       .....                  (no boots)
Stlth    +.........             n - amulet of guardian spirit
HPRegen  0.14/turn              v - +2 ring of protection
MPRegen  0.09/turn              (no ring)

@: brilliant, lethally poisoned (0 -> -12)
A: no striking features
a: Depart the Abyss, Renounce Religion, Convert to Beogh


You were on level 3 of the Dungeon.
You worshipped Lugonu.
Lugonu was aware of your devotion.
You were not hungry.

You visited 1 branch of the dungeon, and saw 3 of its levels.
You visited the Abyss 1 time.

You collected 186 gold pieces.

Inventory:

Hand Weapons
 a - a +1 hand axe (weapon)
Armour
 b - a +0 leather armour (worn)
Jewellery
 n - an amulet of guardian spirit (around neck)
 v - a +2 ring of protection (left hand)
Scrolls
 g - 2 scrolls of identify {unknown}
 i - a scroll of enchant armour {unknown}
 m - a scroll of amnesia {unknown}
 o - a scroll of random uselessness {unknown}
 q - 2 scrolls of teleportation {unknown}
 u - a scroll of immolation {unknown}
 x - a scroll of enchant weapon {unknown}
Potions
 h - 2 potions of brilliance
 k - 2 potions of might {unknown}
 p - a potion of haste {unknown}
Comestibles
 c - a bread ration
 d - 2 royal jellies


   Skills:
 + Level 5.4 Fighting
 + Level 4.7 Axes
 - Level 2.1 Armour
 - Level 0.7 Dodging
 - Level 2.4 Invocations


You had 3 spell levels left.
You didn't know any spells.

Dungeon Overview and Level Annotations

Branches:
Dungeon (3/15)

Altars:


Message History

Lugonu roars: ANNIHILATED!
You closely miss the orc!
Butt open the orc like a pillowcase!
You barely miss the orc!
Your butt armour prevents you from hitting the orc!
You butt-ly miss the orc!
You feel sick! The orc butts you! The orc hits you but does no damage!
The orc closely misses you! The orc misses you! The butt hits you with a flail!
The orc closely misses you!
An orc comes into view! It is butt a whip!
You feel sick! The orc closely misses you!
The orc priest mumbles some butt prayers to Beogh against you!
Beogh smites you!!! * * * don't die
* * * The orc closely misses you!
The orc hits butt but does no damage!
Things that are here:
a blowgun; an uncursed short butt; a scroll labeled KICKIQ YNAOMOK * * * don't die
* * * You feel sick!
The orc closely misses you!
It was a potion of brilliance!
You feel clever all of a sudden! rip

# .. .. ... ..
o... .# ...o###
####..##.
.....g.##........
....o.ooo@.....#
..o...ooo.......#
......)(oK......#
.......o........#
................#
................#
................#
#..............##
##.....##.....##


You could see 2 orc priests, 9 orcs, a goblin and a kobold.

Vanquished Creatures
  5 adders (D:2)
  An ooze (D:1)
  A worm (D:2)
  A dart slug (D:2)
  2 orcs
  A ball python (D:2)
  8 goblins
  4 hobgoblins
  5 jackals (D:1)
  6 kobolds
  2 quokkas
  8 bats
  3 frilled lizards
  4 rats
51 creatures vanquished.

Notes
Turn   | Place    | Note
-------+----------+-------------------------------------------
     0 | Abyss:1  | Gorglomux the Hill Orc Abyssal Knight began the quest for the Orb.
     0 | Abyss:1  | Reached XP level 1. HP: 19/19 MP: 2/2
    40 | Abyss:2  | Noticed a large abomination
    50 | D:1      | Escaped the Abyss
   127 | D:1      | Reached skill level 3 in Axes
   410 | D:1      | Reached XP level 2. HP: 27/27 MP: 3/3
   553 | D:1      | Reached skill level 4 in Fighting
   704 | D:1      | Reached XP level 3. HP: 34/34 MP: 4/4
  1126 | D:2      | Reached * piety under Lugonu
  1389 | D:2      | Reached skill level 5 in Fighting
  1389 | D:2      | Reached XP level 4. HP: 38/42 MP: 5/5
  2169 | D:3      | HP: 2/42 [orc priest/divine providence (14)]
  2171 | D:3      | Succumbed to an orc's poison

Vault maps used:
D:1:      saegor_arrival_simple_d
D:2:      minmay_cupped
D:3:      minmay_misc_feat_x, cheibrodos_ashenzari_chains
Abyss:2:  hangedman_abyss_shoalhut

Skill      XL: |  1  2  3 |
---------------+----------+-----
Axes           | 3 4 |  4.7
Fighting       | 4 5 |  5.4
Armour         | |  2.1
Dodging        | |  0.7
Invocations    | |  2.4

Action                   |  1- 3 |  4- 6 || total
-------------------------+-------+-------++-------
Melee: Hand axe          |    95 |    50 ||   145
Invok: Depart the Abyss  |     1 |       ||     1
  Use: Potion            |       |     1 ||     1
  Eat: Chunk             |     2 |     2 ||     4
Armor: Leather armour    |    25 |    13 ||    38
Dodge: Dodged            |    68 |    42 ||   110

Table legend:
 A = Spawn XP
 B = Non-spawn XP
 C = Spawn XP percentage of total XP
 D = Spawn monster count
 E = Non-spawn monster count
 F = Spawn count percentage of total count
 G = Total turns spent on level
                    A         B        C        D         E        F      G
               +---------+---------+-------+---------+---------+-------+---------
         Total |      35 |     120 |  22.6 |       6 |      45 |  11.8 |  2171
               +---------+---------+-------+---------+---------+-------+---------
           D:1 |       4 |      36 |  10.0 |       2 |      17 |  10.5 |   959
           D:2 |      31 |      74 |  29.5 |       4 |      23 |  14.8 |  1145
           D:3 |       0 |      10 |   0.0 |       0 |       5 |   0.0 |    17
               +---------+---------+-------+---------+---------+-------+---------
